 Dungeon Crawl Stone Soup version 0.28.0-43-g3370ac3207 (webtiles) character file.

Game seed: 16806361455767883428

490 gzilladon the Chopper (level 7, -2/63 (90) HPs)
             Began as a Hill Orc Monk on Mar 28, 2022.
             Was a Follower of Beogh.
             Succumbed to a scorpion's poison
             ... on level 6 of the Dungeon.
             The game lasted 00:17:09 (4776 turns).

gzilladon the Chopper (Hill Orc Monk)               Turns: 4776, Time: 00:17:10

HP:   -2/63 (90)    AC: 23    Str: 16    XL:     7   Next: 14%
MP:   4/7           EV:  2    Int: 10    God:    Beogh [*.....]
Gold: 227           SH:  0    Dex: 13    Spells: 6/6 levels left

rFire   . . .      SeeInvis .   a - +0 hand axe
rCold   . . .      Faith    .   (no shield)
rNeg    . . .      Spirit   .   (armour currently unavailable)
rPois   +          Reflect  .   (helmet currently unavailable)
rElec   .          Harm     .   (cloak currently unavailable)
rCorr   .          Rampage  .   (gloves currently unavailable)
Will    .....      NoTele   +   (boots currently unavailable)
Stlth   ++........              (no amulet)
HPRegen 0.20/turn               m - ring of wizardry
MPRegen 0.10/turn               v - ring of flight

@: brilliant, lethally poisoned (-2 -> -12), tree-form (expiring), mesmerised,
very heavily drained
A: stationary, stasis, torment immunity, boosted hp
a: Renounce Religion


You were on level 6 of the Dungeon.
You worshipped Beogh.
Beogh was aware of your devotion.
You were a tree.
You visited 1 branch of the dungeon, and saw 5 of its levels.

You collected 227 gold pieces.

Inventory:

Hand Weapons
 a - a +0 hand axe (weapon)
Missiles
 d - 126 stones (quivered)
 s - 22 sling bullets
Armour
 b - a +0 robe
 e - a +0 leather armour
 i - a +0 ring mail
 j - a +0 chain mail
 k - a +0 pair of boots (melded)
 q - a +1 pair of gloves (melded)
 u - a +0 chain mail of cold resistance (melded)
Magical Staves
 n - a staff of earth
Jewellery
 m - a ring of wizardry (left branch)
 o - a ring of wizardry
 v - a ring of flight (right branch)
Scrolls
 c - 2 scrolls of teleportation {unknown}
 f - 4 scrolls of enchant weapon {unknown}
 h - 8 scrolls of identify {unknown}
 p - a scroll of vulnerability {unknown}
 r - a scroll of fear {unknown}
Potions
 g - a potion of curing


   Skills:
 + Level 4.7 Fighting
 + Level 6.9 Axes
 * Level 5.0 Armour
 + Level 3.0 Dodging
 - Level 1.5 Stealth
 + Level 0.1 Invocations


You had 6 spell levels left.
You didn't know any spells.
Your spell library contained the following spells:

 Spells                   Type           Power      Damage    Failure   Level
 Ozocubu's Armour         Ice            0%         N/A       41%         3
 Iskenderun's Battlesphe  Conj           0%         2d6       98%         5
 Metabolic Englaciation   Hex/Ice        0%         N/A       98%         5
 Iron Shot                Conj/Erth      0%         9d1       100%        6
 Simulacrum               Ice/Necr       0%         N/A       100%        6
 Spellforged Servitor     Conj/Summ      0%         N/A       100%        7


Dungeon Overview and Level Annotations

Branches:
Dungeon (4/15)
 Temple: D:4-7

Altars:

Shops:
D:1 :[*   D:6 (**

Annotations:
D:3 Grinder
D:6 Maggie


Message History

The scorpion stings you but does no damage.
Maggie says, "Leave now, and tell all of Margery's mercy!"
Maggie hits you but does no damage.
You feel drained. The scorpion barely misses you.
Maggie hits you with a +0 morningstar of draining.
* * * LOW HITPOINT WARNING * * *
You feel drained.
* * * LOW HITPOINT WARNING * * *
The scorpion stings you but does no damage.
Your transformation is almost over.
The scorpion barely misses you. Maggie hits you but does no damage.
You feel drained.
There are monsters nearby!
There are monsters nearby!
There are monsters nearby!
There are monsters nearby!
There are monsters nearby!
There are monsters nearby!
There are monsters nearby!
There are monsters nearby!
There are monsters nearby!
There are monsters nearby!
There are monsters nearby!
There are monsters nearby!
There are monsters nearby!
There are monsters nearby!
There are monsters nearby!
It was a potion of brilliance.
You feel clever all of a sudden. The scorpion stings you.
* * * LOW HITPOINT WARNING * * *
You are lethally poisoned!
The scorpion poisons you!
Maggie hits you with a +0 morningstar of draining.
* * * LOW HITPOINT WARNING * * *
You feel drained.
You barely miss Maggie. Your punch misses Maggie.
Maggie is severely wounded.
You barely miss the scorpion.
You die...

#. #.####### .......#
......# ..... #...#
#......# ##...##
+......# #..@..##
#......# #..♣...###
#......# #..s.....#
#......########'.#####.#
....≈≈≈..........#...# .
...≈≈≈≈≈.........#.>.#
...≈≈∩≈≈.........# ..#
...≈≈.≈≈.........# ∩.#
....≈.≈..........# .#
.................#


You could see Maggie (mesmerising) and a scorpion.

Vanquished Creatures
  An ice beast (D:4)
  A centaur (D:4)
  A phantom (D:4)
  2 hounds
  A jelly (D:6)
  A centaur skeleton (D:4)
  A hound skeleton (D:4)
  4 adders
  2 worms
  A dart slug (D:2)
  An orc (D:3)
  6 bats
  7 endoplasms
  8 giant cockroaches
  7 hobgoblins
  4 jackals (D:4)
  7 kobolds
  2 quokkas
  6 ball pythons
  4 frilled lizards
  6 goblins
  A quokka skeleton (D:4)
  3 rats
77 creatures vanquished.

Vanquished Creatures (others)
  An orc priest (D:3)
  An orc (D:3)
  A bat (D:3)
  3 plants (D:6)
6 creatures vanquished.

Grand Total: 83 creatures vanquished

Notes
Turn   | Place    | Note
-------+----------+-------------------------------------------
     0 | D:1      | gzilladon the Hill Orc Monk began the quest for the Orb.
     0 | D:1      | Reached XP level 1. HP: 19/19 MP: 1/1
   155 | D:1      | Reached XP level 2. HP: 23/27 MP: 2/2
   352 | D:1      | Found Beesur's Antique Armour Shop.
   523 | D:1      | Found Jixteaw's Book Emporium.
   557 | D:1      | Found Xax Qywo's General Store.
   652 | D:1      | Found Rubui's Antique Armour Shop.
   763 | D:2      | Reached XP level 3. HP: 28/33 MP: 3/3
   822 | D:2      | Reached skill level 5 in Axes
   937 | D:2      | Reached skill level 1 in Armour
   937 | D:2      | Reached XP level 4. HP: 10/40 MP: 4/4
  2542 | D:3      | Reached XP level 5. HP: 38/46 MP: 5/5
  2545 | D:3      | Became a worshipper of Beogh the Brigand
  2545 | D:3      | Reached * piety under Beogh
  2545 | D:3      | Reached ** piety under Beogh
  2635 | D:3      | Noticed Grinder
  2636 | D:3      | Paralysed by Grinder for 3 turns
  2653 | D:3      | Paralysed by Grinder for 7 turns
  2674 | D:3      | Paralysed by Grinder for 6 turns
  2682 | D:3      | Paralysed by Grinder for 2 turns
  3213 | D:4      | Noticed a centaur
  3280 | D:4      | Killed a centaur
  3720 | D:4      | Reached skill level 6 in Axes
  3720 | D:4      | Reached XP level 6. HP: 48/53 MP: 6/6
  3957 | D:4      | Noticed an ice beast
  3968 | D:4      | Killed an ice beast
  4129 | D:4      | Reached XP level 7. HP: 48/60 MP: 7/7
  4573 | D:3      | You fall into a shaft and drop 3 floors!
  4607 | D:6      | Reached skill level 5 in Armour
  4668 | D:6      | Found Coakaliw's Antique Weapon Shop.
  4693 | D:6      | Found Ynaplezikk's General Store.
  4732 | D:6      | Noticed Maggie
  4734 | D:6      | Found Raamob's General Store.
  4775 | D:6      | HP: 3/66 [scorpion (5)]
  4775 | D:6      | HP: 1/66 [Maggie/+0 morningstar of draining (2)]
  4776 | D:6      | Succumbed to a scorpion's poison

Illustrated notes

Levels and vault maps discovered:
D:1:      pf_arrival_petrified_forest, layout_rooms, serial_shops, shop,
          nicolae_lakefront_shop, shop, nicolae_shop_hallway_stairs
D:2:      layout_basic, corner_web_ring
D:3:      layout_loops_ring, uniq_grinder
D:4:      layout_basic, minmay_manual_macuahuitl
D:6:      layout_gridville, serial_shops, nicolae_shop_waterfront, shop,
          nicolae_take_the_stairs, shop_fountains,
          nicolae_shop_overgrown_old_shop, uniq_maggie

Skill      XL: |  1  2  3  4  5  6  7 |
---------------+----------------------+-----
Fighting       | 4 |  4.7
Axes           | 5 6 |  6.9
Armour         | 1 2 3 4 5 |  5.0
Dodging        | 3 |  3.0
Stealth        | |  1.5
Invocations    | |  0.1

Action                   |  1- 3 |  4- 6 |  7- 9 || total
-------------------------+-------+-------+-------++-------
Melee: Hand axe          |    90 |   231 |    50 ||   371
       Punch             |     2 |     2 |       ||     4
Invok: Convert to Beogh  |       |     1 |       ||     1
       Smiting           |       |     1 |     2 ||     3
  Use: Potion            |       |     1 |     3 ||     4
Armor: Robe              |     2 |       |       ||     2
       Ring mail         |    20 |       |       ||    20
       Chain mail        |    30 |   158 |    24 ||   212
       Leather armour    |     8 |       |       ||     8
       Skin              |       |       |    16 ||    16
Dodge: Dodged            |    57 |    68 |    20 ||   145
